 Dungeon Crawl Stone Soup version 0.29.0-13-gc9e81de378 (webtiles) character file.

Game seed: 14973317925669662685

968 LabCoat the Chopper (level 8, -7/105 HPs)
             Began as a Hill Orc Fighter on Sept 10, 2022.
             Mangled by an orc warrior
             ... wielding a +0 halberd
              (11 damage)
             ... on level 6 of the Dungeon.
             The game lasted 00:12:10 (5284 turns).

LabCoat the Chopper (Hill Orc Fighter)              Turns: 5284, Time: 00:12:10

Health: -7/105     AC: 14    Str: 21    XL:     8   Next: 15%
Magic:  8/8        EV:  2    Int:  8    God:
Gold:   355        SH: 12    Dex: 10    Spells: 7/7 levels left

rFire   . . .      SeeInvis .   a - +0 war axe
rCold   . . .      Faith    .   e - +0 tower shield
rNeg    . . .      Spirit   .   t - +0 plate armour
rPois   .          Reflect  .   (no helmet)
rElec   .          Harm     .   (no cloak)
rCorr   .          Rampage  .   j - +0 pair of gloves
Will    .....                   r - +0 pair of boots
Stlth   ..........              (no amulet)
HPRegen 0.27/turn               (no ring)
MPRegen 0.11/turn               (no ring)

@: berserking (expiring), very quick
A: no striking features
a: no special abilities


You were on level 6 of the Dungeon.
You visited 2 branches of the dungeon, and saw 7 of its levels.

You collected 355 gold pieces.

Inventory:

Hand Weapons
 a - a +0 war axe (weapon)
 k - a +3 vorpal flail
Missiles
 i - 4 javelins (quivered)
Armour
 e - a +0 tower shield (worn)
 j - a +0 pair of gloves (worn)
 m - a +0 chain mail of cold resistance
 r - a +0 pair of boots (worn)
 t - a +0 plate armour (worn)
Jewellery
 c - a ring of wizardry
Wands
 s - a wand of acid (2)
Scrolls
 b - 2 scrolls of amnesia
 g - a scroll of immolation
 l - a scroll of acquirement {unknown}
 n - a scroll of enchant weapon {unknown}
 o - a scroll of torment {unknown}
 q - a scroll of blinking {unknown}
Potions
 d - 2 potions of might
 f - 3 potions of brilliance
 h - a potion of curing


   Skills:
 + Level 5.7 Fighting
 * Level 7.4 Axes
 + Level 2.8 Throwing
 + Level 5.3 Armour
 + Level 5.3 Shields


You had 7 spell levels left.
You didn't know any spells.
Your spell library contained the following spells:

 Spells                   Type           Power      Damage    Failure   Level
 Dazzling Flash           Conj/Hex       0%         N/A       100%        3
 Frozen Ramparts          Ice            0%         1d1       100%        3
 Ice Form                 Ice/Tmut       0%         N/A       100%        4
 Summon Ice Beast         Ice/Summ       0%         N/A       100%        4
 Agony                    Necr           0%         N/A       100%        5
 Silence                  Hex/Air        0%         N/A       100%        5


Dungeon Overview and Level Annotations

Branches:
Dungeon (6/15)             Temple (1/1) D:4

Altars:
Ashenzari
Cheibriados
Dithmenos
Elyvilon
Fedhas
Gozag
Hepliaklqana
Kikubaaqudgha
Nemelex Xobeh
Okawaru
Ru
Uskayaw
Vehumet
Wu Jian
Xom
Yredelemnul
Zin

Shops:
D:1 !

Annotations:
D:4 2 transporters, LucemDeus's ghost, amateur DsBe


Message History

You hit the orc.
You kill the orc!
The orc warrior hits you from afar with a +0 halberd!
You block the ice beast's attack.
You barely miss the ice beast.
The ice beast is severely wounded.
You slash the ogre!
The orc warrior hits you but does no damage.
The ogre hits you with a +0 giant club! You block the ice beast's attack.
You closely miss the ice beast.
The ice beast is severely wounded.
You hit the ogre but do no damage. You block the ice beast's attack.
You block the orc warrior's attack.
You slash the ogre!
The ogre is almost dead.
You barely miss the ice beast.
The ogre hits you with a +0 giant club!!
* * * LOW HITPOINT WARNING * * *
The orc warrior hits you from afar with a +0 halberd!
* * * LOW HITPOINT WARNING * * *
You block the ice beast's attack.
You slice the ogre!!
You kill the ogre!
You barely miss the ice beast. You block the orc warrior's attack.
The ice beast hits you but does no damage.
Your Axes skill increases to level 7!
You have reached level 8!
You slice the ice beast!!
You kill the ice beast!
You block the orc warrior's attack.
You slash something!
Reactivating autopickup.
You feel a bit more experienced.
The orc warrior hits you from afar with a +0 halberd.
* * * LOW HITPOINT WARNING * * *
Items here: )) [[ ††.
You hit the orc warrior.
The orc warrior is moderately wounded.
The orc warrior hits you with a +0 halberd!
You die...

#...##....
#....##...
####.#.... #######
##......!.)
#.....###..##.....)
#.##......###..#.##
##.#...#####
#..#.##
#####..#.#.#
#..#.##
......o@)#.#
#..#.##
........)#..
.....##
+###......##. ....
# ######.....
.##### #.# .#


You could see an orc warrior.

Vanquished Creatures
  Edmund (D:4)
  A black bear (D:5)
  An ice beast (D:6)
  An ogre (D:6)
  3 scorpions
  2 orc priests (D:5)
  A gnoll bouda (D:4)
  2 iguanas (D:5)
  2 orc wizards
  Terence (D:3)
  3 gnolls (D:4)
  6 adders
  2 ufetubi (D:5)
  3 dart slugs
  11 orcs
  A bat (D:1)
  5 endoplasms
  4 giant cockroaches
  6 goblins
  12 hobgoblins
  6 jackals (D:3)
  3 quokkas
  9 ball pythons
  8 frilled lizards
  10 kobolds
  7 rats
111 creatures vanquished.

Vanquished Creatures (others)
  14 fungi (D:4)
  2 plants (D:4)
16 creatures vanquished.

Grand Total: 127 creatures vanquished

Notes
Turn   | Place    | Note
-------+----------+-------------------------------------------
     0 | D:1      | LabCoat the Hill Orc Fighter began the quest for the Orb.
     0 | D:1      | Reached XP level 1. HP: 19/19 MP: 1/1
    88 | D:1      | Reached skill level 3 in Axes
   298 | D:1      | Reached XP level 2. HP: 27/27 MP: 2/2
   350 | D:1      | Found Piequbapn's Distillery.
   404 | D:1      | Reached XP level 3. HP: 26/33 MP: 3/3
   680 | D:2      | Found a faded altar of an unknown god.
  1217 | D:2      | Found a glowing silver altar of Zin.
  1754 | D:3      | Noticed Terence
  1757 | D:3      | Killed Terence
  1758 | D:3      | Reached skill level 4 in Axes
  1758 | D:3      | Reached XP level 4. HP: 40/40 MP: 4/4
  2623 | D:4      | Noticed a scorpion
  2626 | D:4      | Killed a scorpion
  2627 | D:4      | Reached skill level 1 in Throwing
  2627 | D:4      | Reached XP level 5. HP: 41/47 MP: 5/5
  2872 | D:4      | Noticed Edmund
  2886 | D:4      | Killed Edmund
  2887 | D:4      | Reached skill level 5 in Axes
  2887 | D:4      | Reached XP level 6. HP: 38/53 MP: 6/6
  3011 | D:4      | Found a blossoming altar of Fedhas.
  3079 | D:4      | Found a staircase to the Ecumenical Temple.
  3097 | Temple   | Entered the Ecumenical Temple
  3300 | D:2      | Prayed at the altar of an unknown god.
  3300 | D:2      | Became a worshipper of Vehumet
  3300 | D:2      | Reached * piety under Vehumet
  3300 | D:2      | Offered knowledge of Magic Dart by Vehumet.
  3301 | D:2      | Fell from the grace of Vehumet
  3635 | D:4      | Reached skill level 6 in Axes
  3810 | D:4      | Noticed LucemDeus's ghost (amateur DsBe)
  3811 | D:4      | Found a transporter.
  3881 | D:4      | Found a transporter.
  4042 | D:5      | Entered Level 5 of the Dungeon
  4045 | D:5      | Reached XP level 7. HP: 60/60 MP: 7/7
  4047 | D:5      | Reached skill level 5 in Fighting
  4382 | D:5      | Found a snail-covered altar of Cheibriados.
  5017 | D:5      | Reached skill level 5 in Armour
  5017 | D:5      | Reached skill level 5 in Shields
  5281 | D:6      | Reached skill level 7 in Axes
  5281 | D:6      | Reached XP level 8. HP: 8/69 MP: 8/8
  5282 | D:6      | HP: 4/105 [orc warrior/+0 halberd (5)]
  5284 | D:6      | Mangled by an orc warrior

Illustrated notes

Levels and vault maps discovered:
D:1:      dpeg_arrival_snail, layout_rooms, serial_shops,
          nicolae_shop_waterfront, st_stairs_12
D:2:      layout_basic, basic_altar, shapermc_ecumenical_altar_venn
D:3:      layout_basic, uniq_terence
D:4:      layout_loops_corners, fedhas_altar_3, minmay_temple_entry_arrows,
          gammafunk_ghost_stat_death, serial_glass, glass_columns_b,
          glass_columns_c, glass_columns_a, glass_columns_b, glass_columns_c,
          glass_columns_b, due_unseen_surprise, minmay_pentangle, uniq_edmund
D:5:      layout_rooms, lemuel_tele_altar, chequers_serial_rivers_small_a,
          kennysheep_donut, hangedman_abyss_or_decor_stagger
D:6:      layout_rooms, kennysheep_mini_moat, nicolae_tso_swordbearing_angel,
          gammafunk_ghost_necromancy, lightli_corner_chamber,
          uniq_crazy_yiuf_cottage
Temple:   compressed_dpeg_circular_temple

Skill      XL: |  1  2  3  4  5  6  7 |
---------------+----------------------+-----
Axes           | 3 4 5 6 7 |  7.4
Fighting       | 4 5 |  5.7
Throwing       | 1 2 |  2.8
Armour         | 4 5 |  5.3
Shields        | 4 5 |  5.3

Action                   |  1- 3 |  4- 6 |  7- 9 || total
-------------------------+-------+-------+-------++-------
Melee: War axe           |    91 |   141 |    77 ||   309
Throw: Javelin           |    29 |    16 |       ||    45
Invok: Renounce Religion |       |     1 |       ||     1
  Use: Scroll            |     3 |     4 |     2 ||     9
       Potion            |       |     1 |     1 ||     2
Armor: Scale mail        |    38 |    48 |       ||    86
       Chain mail        |       |    19 |    10 ||    29
       Plate armour      |       |       |    51 ||    51
Dodge: Dodged            |    41 |    32 |    14 ||    87
Block: Buckler           |    21 |       |       ||    21
       Tower shield      |       |   103 |    57 ||   160
